 Dungeon Crawl Stone Soup version 0.30.0-29-ga12c61a403 (webtiles) character file.

Game seed: 7458926390127594933

4046 monsoonserge the Skirmisher (level 10, -1/77 HPs)
             Began as a Demonspawn Monk on June 9, 2023.
             Was an Initiate of Gozag.
             Shot with an arrow by a centaur (8 damage)
             ... while paralysed by a hornet
             ... on level 9 of the Dungeon.
             The game lasted 00:26:45 (7642 turns).

monsoonserge the Skirmisher (Demonspawn Monk)       Turns: 7642, Time: 00:26:46

Health: -1/77      AC: 10    Str: 11    XL:     10   Next: 4%
Magic:  10/10      EV:  2    Int: 12    God:    Gozag
Gold:   1159       SH:  0    Dex: 20    Spells: 9/9 levels left

rFire   . . .        a - +5 short sword (venom)
rCold   . . .        (no shield)
rNeg    . . .        k - +0 scale mail
rPois   .            B - +1 hat
rElec   .            (cloak unavailable)
rCorr   .            (no gloves)
SInv    .            (no boots)
Will    .....        (no amulet)
Stlth   +            s - +4 ring of slaying
HPRegen 0.32/turn    J - +4 ring of slaying
MPRegen 0.12/turn

%: no passive effects
@: paralysed, lethally poisoned (-1 -> -20), slowed
A: slimy green scales 1, ignite blood 1, spiny 1, weakness stinger 3
a: Renounce Religion, Potion Petition, Call Merchant, Bribe Branch


You were on level 9 of the Dungeon.
You worshipped Gozag.
Gozag was most pleased with you.
You visited 2 branches of the dungeon, and saw 10 of its levels.

You collected 1243 gold pieces.
You spent 84 gold pieces at shops.

Inventory:

Hand Weapons
 a - a +5 short sword of venom (weapon)
 b - a +0 shortbow
 u - the +2 hammer of Awkwardness {protect, *Noise Fly rElec rCorr}
   (You found it on level 2 of the Dungeon)

   rElec:     It insulates you from electricity.
   Fly:       It grants you flight.
   *Noise:    It may make noises in combat.
   rCorr:     It protects you from acid and corrosion.
 R - a +0 sling
Missiles
 p - 12 poisoned darts (quivered)
 Y - a curare-tipped dart
 Z - a throwing net
Armour
 d - an orb of light
 f - an orb of wrath
 g - a +0 leather armour
 i - an orb of guile
 k - a +0 scale mail (worn)
 o - a +0 ring mail
 B - a +1 hat (worn)
 P - a +0 chain mail
Magical Staves
 m - a staff of fire
 F - a staff of poison
Jewellery
 s - a +4 ring of slaying (left hand)
 H - a ring of protection from fire
 J - a +4 ring of slaying (right hand)
 N - a ring of protection from fire
 O - a ring of fire
Wands
 t - a wand of iceblast (13)
 v - a wand of acid (2)
 M - a wand of charming (4)
 Q - a wand of polymorph (14)
 W - a wand of flame (21)
Scrolls
 j - 2 scrolls of poison {unknown}
 n - 2 scrolls of amnesia {unknown}
 q - 11 scrolls of identify {unknown}
 r - a scroll of vulnerability {unknown}
 w - 3 scrolls of immolation {unknown}
 x - 2 scrolls of teleportation {unknown}
 y - 3 scrolls of enchant armour {unknown}
 A - 3 scrolls of blinking {unknown}
 C - a scroll of fog {unknown}
 E - a scroll of magic mapping {unknown}
 I - a scroll of fear {unknown}
 K - 2 scrolls of enchant weapon {unknown}
 U - a scroll of brand weapon {unknown}
Potions
 c - 2 potions of ambrosia
 e - 3 potions of heal wounds {unknown}
 h - a potion of degeneration {unknown}
 l - 6 potions of curing
 z - a potion of cancellation {unknown}
 D - 3 potions of mutation {unknown}
 G - 4 potions of flight {unknown}
 S - a potion of brilliance {unknown}
 T - a potion of lignification
 V - a potion of might {unknown}
 X - 2 potions of attraction {unknown}


   Skills:
 + Level 6.6 Fighting
 + Level 3.4(4.2) Short Blades
 + Level 3.5(4.2) Long Blades
 + Level 12.6 Ranged Weapons
 + Level 1.1 Throwing
 + Level 5.3 Armour
 + Level 4.0 Dodging
 + Level 1.8 Stealth


You had 9 spell levels left.
You didn't know any spells.
Your spell library contained the following spells:

 Spells                   Type           Power      Damage    Failure   Level
 Apportation              Tloc           0%         N/A       86%         1
 Lesser Beckoning         Tloc           0%         N/A       94%         2
 Gell's Gravitas          Tloc           0%         N/A       99%         3
 Inner Flame              Hex/Fire       0%         N/A       99%         3
 Portal Projectile        Hex/Tloc       0%         N/A       99%         3
 Teleport Other           Tloc           0%         N/A       99%         3
 Tukima's Dance           Hex            0%         N/A       99%         3
 Flame Wave               Conj/Fire      0%         2d4       100%        4
 Sticky Flame             Conj/Fire      0%         2d3       100%        4
 Alistair's Intoxication  Tmut/Pois      0%         N/A       100%        5
 Blade Hands              Tmut           0%         N/A       100%        5


Dungeon Overview and Level Annotations

Branches:
Dungeon (9/15)             Temple (1/1) D:4
   Lair: D:8-11         Orc: D:9-12

Altars:
Cheibriados
Dithmenos
Fedhas
Gozag
Hepliaklqana
Makhleb
Nemelex Xobeh
Okawaru
Qazlal
Ru
Sif Muna
Trog
Vehumet
Wu Jian
Xom
Yredelemnul

Shops:
D:4 [   D:7 (*=!

Annotations:
D:3 2 transporters, pajopajo's ghost, amateur HOFi


Innate Abilities, Weirdness & Mutations

You are partially covered in slimy green scales. (AC +2)
Your demonic aura sometimes causes spilled blood to erupt in flames.
You are partially covered in sharp spines.
You have a sharp stinger which inflicts weakening toxins.


Message History

You see here a +0 war axe.
Found a granite statue.
As you open the door, it creaks loudly!
A centaur and a hornet come into view.
The centaur shouts!
The hornet buzzes angrily.
The centaur moves out of view.
The hornet moves out of view.
Found a sedimented white potion and 34 gold pieces.
Found a scroll labelled GUURONOAXA.
The centaur wields a +0 shortbow.
The centaur shoots an arrow.
The arrow hits you but does no damage. The hornet stings you!
You are poisoned.
You feel yourself slow down.
There is an open door, spattered with blood here.
Your +5 short sword of venom begins to drip with poison!
a - a +5 short sword of venom (weapon)
You feel very sick.
The centaur shoots an arrow.
The arrow hits you. The hornet stings you!
You are more poisoned.
You feel as though you will be slow longer.
You hit the hornet.
The hornet is poisoned.
The hornet is lightly wounded.
You feel very sick.
The centaur shoots an arrow.
The arrow completely misses you. The hornet stings you!
You feel as though you will be slow longer.
The centaur shoots an arrow.
The arrow closely misses you. The hornet stings you!
You suddenly lose the ability to move!
You feel very sick.
The centaur shoots an arrow.
The arrow hits you!
* * * LOW HITPOINT WARNING * * *
The hornet is struck by your spines. The hornet stings you.
* * * LOW HITPOINT WARNING * * *
You feel as though you will be slow longer.
The hornet stings you!
* * * LOW HITPOINT WARNING * * *
You are more poisoned.
You feel as though you will be slow longer.
The centaur shoots an arrow.
The arrow hits you!
You die...
Your body crumbles into a pile of gold.

##################
#................#
#.....#######....#
#.....##...##....#
#.....#yc..?#....#
+..8..@☼...!#....#
#.....#....$#....#
#.....##...##....#
###+### #####..###
#>.....##
##...)..# #......#
... #......# ....
#......#....


You could see a hornet (very poisoned) and a centaur.

Vanquished Creatures
  Pikel (D:7)
  A wyvern (D:9)
  3 yaks (D:9)
  2 steam dragons
  A water moccasin (D:6)
  An ice beast (D:8)
  A sky beast (D:8)
  2 black bears
  An ogre (D:4)
  2 phantoms
  3 lemures (D:7)
  3 centaurs
  A kobold brigand (D:9)
  A bullfrog (D:6)
  2 scorpions (D:6)
  9 wights
  6 killer bees
  5 howler monkeys
  2 orc priests (D:5)
  3 jellies
  2 hounds
  Crazy Yiuf (D:2)
  A gnoll bouda (D:7)
  2 orc wizards (D:5)
  A sleepcap (D:5)
  3 iguanas
  7 gnolls
  4 adders
  2 shadow imps
  A white imp (D:7)
  4 ufetubi
  A dart slug (D:5)
  17 orcs
  11 endoplasms
  3 giant cockroaches
  4 goblins
  6 hobgoblins
  7 kobolds
  A quokka (D:3)
  7 ball pythons
  6 bats
  A frilled lizard (D:2)
  9 rats
151 creatures vanquished.

Notes
Turn   | Place    | Note
-------+----------+-------------------------------------------
     0 | D:1      | monsoonserge the Demonspawn Monk began the quest for the
                  | Orb.
     0 | D:1      | Reached XP level 1. HP: 18/18 MP: 1/1
   284 | D:1      | Gained mutation: You have a small tail. [demonic ancestry]
   284 | D:1      | Reached XP level 2. HP: 21/24 MP: 2/2
   508 | D:2      | Found a basalt altar of Yredelemnul.
   731 | D:2      | Found a runed translucent door.
   732 | D:2      | Noticed Crazy Yiuf
   875 | D:2      | Gained mutation: Your demonic aura sometimes causes spilled
                  | blood to erupt in flames. [demonic ancestry]
   875 | D:2      | Reached XP level 3. HP: 28/29 MP: 3/3
  1586 | D:2      | Killed Crazy Yiuf
  1590 | D:2      | Identified the +2 hammer of Awkwardness {protect, *Noise
                  | Fly rElec rCorr}
  1659 | D:3      | Found a transporter.
  1662 | D:3      | Found a transporter.
  1663 | D:3      | Noticed pajopajo's ghost (amateur HOFi)
  1701 | D:3      | Gained mutation: You are partially covered in sharp spines.
                  | [demonic ancestry]
  1701 | D:3      | Reached XP level 4. HP: 35/35 MP: 4/4
  2377 | D:4      | Found a shadowy altar of Dithmenos.
  2451 | D:4      | Reached skill level 1 in Short Blades
  2472 | D:4      | Reached skill level 1 in Armour
  2543 | D:4      | Reached skill level 1 in Ranged Weapons
  2571 | D:4      | Reached skill level 2 in Ranged Weapons
  2571 | D:4      | Gained mutation: You have a tail ending in a sharp stinger.
                  | [demonic ancestry]
  2571 | D:4      | Reached XP level 5. HP: 41/41 MP: 5/5
  2594 | D:4      | Noticed a phantom
  2601 | D:4      | Killed a phantom
  2602 | D:4      | Reached skill level 3 in Ranged Weapons
  2620 | D:4      | Noticed an ogre
  2624 | D:4      | Killed an ogre
  2625 | D:4      | Reached XP level 6. HP: 47/48 MP: 6/6
  2744 | D:4      | Found Rocsy's Antique Armour Emporium.
  2910 | D:4      | Found a staircase to the Ecumenical Temple.
  2916 | Temple   | Entered the Ecumenical Temple
  3012 | Temple   | Became a worshipper of Gozag Ym Sagoz the Greedy
  3079 | D:4      | Found a sacrificial altar of Ru.
  3191 | D:4      | Reached skill level 4 in Ranged Weapons
  3445 | D:5      | Entered Level 5 of the Dungeon
  3456 | D:5      | Found a blossoming altar of Fedhas.
  3489 | D:5      | Reached skill level 5 in Ranged Weapons
  3721 | D:5      | Reached XP level 7. HP: 54/54 MP: 7/7
  4089 | D:6      | Found a shimmering altar of Xom.
  4203 | D:6      | Reached skill level 6 in Ranged Weapons
  4567 | D:6      | Reached skill level 7 in Ranged Weapons
  4567 | D:6      | Reached skill level 1 in Stealth
  4596 | D:6      | Reached XP level 8. HP: 61/61 MP: 8/8
  5065 | D:6      | Reached skill level 5 in Fighting
  5065 | D:6      | Reached skill level 8 in Ranged Weapons
  5178 | D:7      | Found Eraczapp's Distillery.
  5184 | D:7      | Bought a potion of lignification for 42 gold pieces
  5184 | D:7      | Bought a potion of curing for 42 gold pieces
  5373 | D:7      | Found Xahabaz's Jewellery Emporium.
  5409 | D:7      | Found Coriut's Antique Weapon Boutique.
  5452 | D:7      | Noticed Pikel
  5600 | D:7      | Killed Pikel
  5601 | D:7      | Reached skill level 9 in Ranged Weapons
  5601 | D:7      | Reached skill level 1 in Throwing
  5601 | D:7      | Gained mutation: You have a sharp stinger which inflicts
                  | weakening toxins. [demonic ancestry]
  5601 | D:7      | Reached XP level 9. HP: 61/69 MP: 9/9
  5651 | D:6      | Reached skill level 10 in Ranged Weapons
  6029 | D:7      | Found Ciluxut's General Store.
  6459 | D:8      | Reached skill level 11 in Ranged Weapons
  6652 | D:8      | Reached skill level 5 in Armour
  7336 | D:9      | Reached skill level 12 in Ranged Weapons
  7510 | D:9      | Gained mutation: You are partially covered in slimy green
                  | scales. (AC +2) [demonic ancestry]
  7510 | D:9      | Reached XP level 10. HP: 77/77 MP: 10/10
  7641 | D:9      | Paralysed by a hornet for 3 turns
  7642 | D:9      | Shot with an arrow by a centaur

Illustrated notes

Levels and vault maps discovered:
D:1:      psy_arrival_terrarium, layout_rooms
D:2:      layout_basic, basic_altar, uniq_crazy_yiuf_cottage
D:3:      layout_loops_cross, gammafunk_ghost_mausoleum
D:4:      kennysheep_six_static_rooms, layout_basic,
          nicolae_ru_the_path_less_chosen, grunt_dithmenos_smoke,
          minmay_temple_entry_enclosed_plants, serial_shops,
          nicolae_shop_window_shopping
D:5:      layout_cave_pools, mainiacjoe_overflow_chevrons,
          nicolae_tso_swordbearing_angel, minmay_diced_spiral
D:6:      layout_loops_corners, mainiacjoe_overflow_alcove_4
D:7:      layout_basic, serial_shops, shop, shop, shop,
          nicolae_shop_advertising_works [nicolae_subvault_shop_adworks],
          uniq_pikel
D:8:      layout_basic
D:9:      layout_gridville, mainiacjoe_overflow_brackets, minmay_three_doors
Temple:   nicolae_temple_two_arcs

Skill      XL: |  1  2  3  4  5  6  7  8  9 |
---------------+----------------------------+-----
Long Blades    | 3 |  3.5
Dodging        | 3 4 |  4.0
Short Blades   | 1 2 3 |  3.4
Armour         | 1 2 3 4 5 |  5.3
Ranged Weapons | 2 3 5 7 9 12 | 12.6
Fighting       | 4 5 6 |  6.6
Stealth        | 1 |  1.8
Throwing       | 1 |  1.1

Action                     |  1- 3 |  4- 6 |  7- 9 | 10-12 || total
---------------------------+-------+-------+-------+-------++-------
  Melee: Falchion          |     9 |       |       |       ||     9
         Short sword       |    45 |    34 |    68 |     7 ||   154
         Tailslap          |     2 |     4 |     9 |       ||    15
   Fire: Sling             |     2 |    45 |    17 |       ||    64
         Shortbow          |       |       |   112 |       ||   112
  Throw: Dart              |       |       |     8 |       ||     8
    Use: Potion            |       |       |     1 |       ||     1
 Armour: Scale mail        |    19 |    15 |    27 |     2 ||    63
         Robe              |     1 |       |       |       ||     1
         Leather armour    |     1 |       |       |       ||     1
         Chain mail        |       |       |     9 |       ||     9
  Dodge: Dodged            |    22 |    19 |    51 |     3 ||    95
